Cogmind - Beta 15 @@@ ROGUE MODE // 2025.09.24 @ 17:28:40 Player: Anting Result: Self-destructed Performance ------------- Evolutions (5) 2500 Regions Visited (9) 1800 Robots Destroyed (40) 200 Value Destroyed (1126) 1126 Prototype IDs (13) 260 Alien Tech Used (0) 0 Bonus (1100) 1100 TOTAL SCORE: 6986 Bonus ------- Registered with UFD 300 Met Optimus in HQ 500 Met Data Miner 300 Cogmind --------- Core Integrity 825/1000 Matter 247/300 Energy 900/900 System Corruption 14% Temperature Cool (0) Movement Hovering (220) Ox2 Location -5/Factory Parts ------- > --- POWER (2) -------- Hybrid Fission Core > --- PROPULSION (5) --- Combat Gravmag System > --- UTILITY (8) ------ Large Storage Unit Improved Signal Interpreter Advanced Terrain Scan Processor Hacking Suite Improved System Shield > --- WEAPON (2) ------- Lance > --- INVENTORY (15) --- Gravmag Array Gravmag Array Energy Well (350) Improved Sensor Array Launcher Loader Improved Reaction Control System Makeshift Propulsion Shielding Hacking Suite Authchip [Propulsion] System Restoration Module Long-range Proton Cannon Peak State ------------ > --- POWER ------------ Light Deuterium Engine Light Angular Momentum Engine > --- PROPULSION ------- Improved Gravmag System Gravmag Array Combat Gravmag System Combat Gravmag System > --- UTILITY ---------- Large Storage Unit Improved Sensor Array Improved Signal Interpreter Advanced Terrain Scanner Advanced Terrain Scan Processor Advanced Melee Analysis Suite Improved System Shield Improved Component Analysis Suite > --- WEAPON ----------- Hypervelocity Gauss Rifle Lance > --- INVENTORY -------- Enhanced Fission Core Energy Well Energy Filter Launcher Loader Force Booster Reaction Control System Reaction Control System Makeshift Propulsion Shielding Improved Light Armor Plating System Shield System Restoration Module Long-range Proton Cannon Improved Datajack [Rating: 83] Favorites ----------- Power Subdweller Power Source Engine Subdweller Power Source Power Core Hybrid Fission Core Propulsion Subdweller Monowheel Treads Light Treads Leg Aluminum Leg Wheel Subdweller Monowheel Hover Unit Combat Gravmag System Flight Unit Nuclear Pulse Thruster Utility Seismic Detector Device Seismic Detector Storage High-capacity Storage Unit Processor Advanced Terrain Scan Processor Hackware Improved System Shield Protection Makeshift Light Armor Plating Weapon Subdweller Machine Gun Energy Gun EM Pulse Gun Ballistic Gun Subdweller Machine Gun Ballistic Cannon Battle Cannon Launcher Subdweller Shrapnel Launcher Special Weapon CPS Tube Slashing Weapon Katana Piercing Weapon Lance Special Melee Weapon Improved Datajack Build | -11 -10 -10 -9 -6 -6 -6 -6 -5 -5 ------- Run | Yrd Mat Sub Scr Fac Low Low Dat Pro Fac Slots Evolved 10 | . . . . 8 . . . . 2 Power 1 | . . . . 1 . . . . . Propulsion 3 | . . . . 3 . . . . . Utility 6 | . . . . 4 . . . . 2 Weapon . | . . . . . . . . . . Parts Attached 75 | 7 2 21 10 18 . 1 4 3 9 Power 11 | 1 . 3 2 1 . . . 1 3 Engine 10 | 1 . 3 2 1 . . . 1 2 Core 1 | . . . . . . . . . 1 Reactor . | . . . . . . . . . . Propulsion 21 | 2 . 6 5 8 . . . . . Treads 6 | 2 . 1 3 . . . . . . Leg 3 | . . 3 . . . . . . . Wheel 4 | . . 2 2 . . . . . . Hover 7 | . . . . 7 . . . . . Flight 1 | . . . . 1 . . . . . Utility 24 | 2 . 3 1 9 . . 4 . 5 Device 8 | 1 . 1 . 3 . . 1 . 2 Storage 4 | 1 . 1 1 . . . . . 1 Processor 4 | . . . . 2 . . 2 . . Hackware 3 | . . . . 2 . . . . 1 Protection 5 | . . 1 . 2 . . 1 . 1 Artifact . | . . . . . . . . . . Weapon 19 | 2 2 9 2 . . 1 . 2 1 Energy Gun 1 | . . 1 . . . . . . . Energy Cannon . | . . . . . . . . . . Ballistic Gun 9 | 2 . 6 . . . . . 1 . Ballistic Cannon 2 | . 1 1 . . . . . . . Launcher 1 | . . 1 . . . . . . . Special Weapon 2 | . 1 . 1 . . . . . . Impact Weapon . | . . . . . . . . . . Slashing Weapon 1 | . . . 1 . . . . . . Piercing Weapon 2 | . . . . . . 1 . 1 . Special Melee Weapon 1 | . . . . . . . . . 1 Unidentified Prototypes 1 | . . . . . . . . . 1 Parts Lost 23 | . . 10 . . . . 3 . 10 Power 6 | . . 3 . . . . 1 . 2 Propulsion 7 | . . 4 . . . . . . 3 Utility 4 | . . . . . . . . . 4 Weapon 6 | . . 3 . . . . 2 . 1 Highest Loss Streak 9 | . . 4 . . . . 3 . 9 To Critical Strikes 1 | . . 1 . . . . . . . Average Backups 13 | 3 6 15 18 5 5 4 4 4 11 Power . | . 1 1 . . . . . . . Propulsion 1 | 1 2 3 2 . . . . . 1 Utility 5 | . 1 5 7 3 4 4 4 4 8 Weapon 5 | . 2 5 8 1 1 . . . . Tool/Special . | . . . . . . . . . . Unused Backups 43 | . . 3 21 4 . 2 . . 13 Power 2 | . . . . 1 . . . . 1 Propulsion 6 | . . 1 3 . . . . . 2 Utility 20 | . . 1 8 1 . 1 . . 9 Weapon 15 | . . 1 10 2 . 1 . . 1 Tool/Special . | . . . . . . . . . . Average Slot Usage (%) 93 | . 100 99 92 86 86 86 85 76 89 Engine 9 | . 14 13 7 6 6 6 6 5 8 Treads 11 | . 28 9 15 . . . . . . Leg 3 | . . 13 . . . . . . . Wheel 6 | . . 4 12 2 . . . . . Hover 5 | . . . . 23 26 26 26 26 22 Device 12 | . 14 8 14 19 20 20 5 11 11 Storage 11 | . 14 14 14 . . . . . 4 Processor 3 | . . . . 11 13 13 20 20 16 Hackware 1 | . . . . 6 6 6 6 6 7 Protection 1 | . . 5 . . . . 7 1 1 Ballistic Gun 11 | . 12 21 11 . . . . 1 2 Ballistic Cannon 6 | . 13 1 11 . . . . . . Special Weapon 2 | . 2 2 2 6 6 6 5 . . Slashing Weapon 1 | . . . 2 6 6 3 . . . Peak Build Rating 83 | 7 8 23 26 62 62 65 67 69 83 Average Rating 26 | 5 7 16 19 54 62 63 65 60 75 On Entrance 35 | . 7 8 14 20 62 62 65 52 69 Naked Turns . | . . . . . . . . . . Heaviest Build 58 | 13 16 57 58 41 15 16 18 20 51 Greatest Support 58 | 40 40 40 50 58 58 58 58 58 58 Greatest Overweight (x) 15 | 4 . 2 15 3 . . . . 1 Average Overweight (x) 1 | . . 1 3 . . . . . . Largest Inventory Capacity 20 | 8 8 20 20 15 5 5 5 5 15 Average Capacity 15 | 7 8 16 19 5 5 5 5 5 14 Most Carried 20 | 6 8 20 20 15 5 5 5 4 15 Average Carried 14 | 3 6 15 18 5 5 4 4 4 13 Final Capacity 20 | 8 8 20 15 5 5 5 5 5 15 Final Carried 19 | 5 8 19 15 5 5 5 4 4 14 Class Distribution -------------------- 68% | Mutant 16% | Scout 12% | Derelict-Mutant Dominant Class ---------------- Mutant | -10/Materials Mutant | -10/Subcaves Mutant | -9/Scraptown Scout | -6/Factory Scout | -6/Lower Caves Scout | -6/Lower Caves Mutant | -6/Data Miner Scout | -5/Proximity Caves Scout | -5/Factory Resources | -11 -10 -10 -9 -6 -6 -6 -6 -5 -5 ----------- Run | Yrd Mat Sub Scr Fac Low Low Dat Pro Fac Matter Collected 1772 | 288 . 627 363 280 . 10 . 85 119 Remotely . | . . . . . . . . . . Salvage Created 1654 | 136 . 512 . 409 47 52 . . 498 Parts 110 | 12 . 37 . 23 4 1 . . 33 Haulers Intercepted . | . . . . . . . . . . Recyclers Shooed 2 | 1 . . . 1 . . . . . Parts Field Recycled . | . . . . . . . . . . Retrieved Matter . | . . . . . . . . . . Parts Self-Destructed 24 | . . 18 . . 2 4 . . . Prevented . | . . . . . . . . . . Kills | -11 -10 -10 -9 -6 -6 -6 -6 -5 -5 ------- Run | Yrd Mat Sub Scr Fac Low Low Dat Pro Fac Combat Hostiles Destroyed 25 | . . 18 . 1 . . . . 6 Melee 7 | . . . . 1 . . . . 6 Guns 12 | . . 12 . . . . . . . Cannons 2 | . . 2 . . . . . . . AOE 4 | . . 4 . . . . . . . Classes Destroyed 10 | 2 . 2 . 3 1 . . . 2 Worker 1 | . . . . 1 . . . . . Builder 3 | . . . . 3 . . . . . Tunneler 5 | 4 . . . 1 . . . . . Recycler 3 | 1 . . . 2 . . . . . Operator 3 | . . . . . . . . . 3 Swarmer 7 | . . 4 . . . . . . 3 Hunter 1 | . . . . . . . . . 1 Programmer 3 | . . . . 1 . . . . 2 Subdweller 14 | . . 14 . . . . . . . Samaritan 1 | . . . . . 1 . . . . Best Kill Streak 5 | 5 . 4 . 3 . . . . 3 Combat Bots Only 4 | . . 4 . 1 . . . . 3 Max Kills in Single Turn 4 | 1 . 4 . 1 1 . . . 1 Gunslinging . | . . . . . . . . . . Exploded 4 | . . 4 . . . . . . . Melee 1 | . . . . 1 . . . . 1 Uniques/NPCs Destroyed . | . . . . . . . . . . Combat | -11 -10 -10 -9 -6 -6 -6 -6 -5 -5 -------- Run | Yrd Mat Sub Scr Fac Low Low Dat Pro Fac Hostile Shots Fired 281 | . . 102 . 18 . 2 15 1 143 Missed 88 | . . 19 . 12 . 2 8 . 47 Hits 193 | . . 83 . 6 . . 7 1 96 Projectile 193 | . . 83 . 6 . . 7 1 96 AOE 5 | . . 5 . . . . . . . Critical Strikes 10 | . . 5 . . . . . . 5 Damage Taken 3664 | . . 1851 . 65 . . 320 20 1408 Core 439 | . . 216 . . . . 48 . 175 Absorbed by Shields . | . . . . . . . . . . Redirected to Shielding 14 | . . . . . . . 6 . 8 Regen/Repaired (Parts) 114 | . . . . . . . . . 114 Core Remaining (%) 69 | 100 . . 13 . . . . 94 . Volleys Fired 99 | 7 3 88 . . . . . . 1 Largest 2 | 2 2 2 . . . . . . 1 Hottest 100 | 40 100 100 . . . . . . 33 Shots Fired 181 | 14 5 161 . . . . . . 1 Gun 151 | 14 4 132 . . . . . . 1 Cannon 18 | . . 18 . . . . . . . Launcher 1 | . . 1 . . . . . . . Special 11 | . 1 10 . . . . . . . Kinetic 148 | 14 4 129 . . . . . . 1 Thermal 11 | . 1 10 . . . . . . . Explosive . | . . . . . . . . . . Electromagnetic 22 | . . 22 . . . . . . . Robot Hit Streak 23 | 7 2 23 . . . . . . . Robot Miss Streak 2 | 1 2 2 . . . . . . . Penetration Max . | . . . . . . . . . . Secondary Targets . | . . . . . . . . . . Shots Hit Robots 156 | 8 2 108 . 11 1 3 1 . 22 Core Hits 57 | 8 1 32 . 6 1 . . . 9 Critical Kills . | . . . . . . . . . . Critical Parts Destroyed . | . . . . . . . . . . Critical Strikes 5 | . . 1 . . . . . . 4 Corrupt 1 | . . 1 . . . . . . . Impale 4 | . . . . . . . . . 4 Melee Attacks 118 | . . . . 36 4 3 25 . 50 Impact . | . . . . . . . . . . Slashing 42 | . . . . 36 4 2 . . . Piercing 75 | . . . . . . 1 25 . 49 Sneak Attacks 15 | . . . . 10 1 1 1 . 2 Combat Hostiles . | . . . . . . . . . . Follow-up Attacks . | . . . . . . . . . . Damage Inflicted 4001 | 108 20 1774 . 701 57 158 95 . 1088 Guns 1489 | 106 20 1356 . . . . . . 7 Cannons 241 | . . 241 . . . . . . . Explosions 177 | . . 177 . . . . . . . Melee 2092 | . . . . 701 57 158 95 . 1081 Ramming 2 | 2 . . . . . . . . . Kinetic 1705 | 106 20 1572 . . . . . . 7 Thermal . | . . . . . . . . . . Explosive . | . . . . . . . . . . Electromagnetic 202 | . . 202 . . . . . . . Impact . | . . . . . . . . . . Slashing 856 | . . . . 701 57 98 . . . Piercing 1236 | . . . . . . 60 95 . 1081 Highest Corruption 14 | . . . . . . . . . 14 Average Corruption 1 | . . . . . . . . . 1 Corruption Purged . | . . . . . . . . . . Corruption Blocked . | . . . . . . . . . . Effects 5 | . . . . . . . . . 5 Message Errors 1 | . . . . . . . . . 1 Matter Fused 2 | . . . . . . . . . 2 Alerts 2 | . . . . . . . . . 2 Overload Shots . | . . . . . . . . . . Overflow Damage 569 | . . 27 . 122 . 126 . . 294 Projectiles . | . . . . . . . . . . Explosions 27 | . . 27 . . . . . . . Melee 542 | . . . . 122 . 126 . . 294 Knockbacks 5 | . . 5 . . . . . . . Impact . | . . . . . . . . . . Kinetic 5 | . . 5 . . . . . . . Secondary . | . . . . . . . . . . Self-Inflicted Damage 17 | . . 17 . . . . . . . Shots 1 | . . 1 . . . . . . . Rammed 1 | 1 . . . . . . . . . Targets Rammed 1 | 1 . . . . . . . . . Kicked . | . . . . . . . . . . Crushed . | . . . . . . . . . . Highest Temperature 250 | . 20 250 . . . . . . . Average Temperature 110 | . 10 146 . . . . . . . Received Heat Transfer 852 | . . 813 . 12 . . . 9 18 Effects 1 | . . 1 . . . . . . . Energy Bleed 1 | . . 1 . . . . . . . Siege Activations . | . . . . . . . . . . Martial Activations . | . . . . . . . . . . Shielding Activations . | . . . . . . . . . . Robots Disrupted . | . . . . . . . . . . Combat Hostiles . | . . . . . . . . . . Robots Corrupted . | . . . . . . . . . . Combat Hostiles . | . . . . . . . . . . Parts Fried . | . . . . . . . . . . Impact Corruptions . | . . . . . . . . . . Robots Melted . | . . . . . . . . . . Combat Hostiles . | . . . . . . . . . . Parts Melted 2 | . . 2 . . . . . . . Heat Transferred . | . . . . . . . . . . Parts Sabotaged . | . . . . . . . . . . Parts Stolen . | . . . . . . . . . . Parts Stripped . | . . . . . . . . . . Power Chain Reactions . | . . . . . . . . . . Alert | -11 -10 -10 -9 -6 -6 -6 -6 -5 -5 ------- Run | Yrd Mat Sub Scr Fac Low Low Dat Pro Fac Maximum Alert Level 1 | . . . . . . . . . 1 Low Security (%) 99 | 100 100 . . 100 . . . . 99 Level 1 . | . . . . . . . . . . Level 2 . | . . . . . . . . . . Level 3 . | . . . . . . . . . . Level 4 . | . . . . . . . . . . Level 5 . | . . . . . . . . . . High Security . | . . . . . . . . . . Max Security . | . . . . . . . . . . Peak Influence 213 | 15 6 . . 172 . . . . 213 Initial . | . . . . . . . . . . Average 34 | 3 . . . 46 . . . . 89 Influence Increases 1066 | 25 7 110 . 392 . 95 . . 437 Destroy 0b10 Robot/C 220 | . . 80 . 20 . . . . 120 Destroy 0b10 Robot/NC 90 | 25 . . . 35 . 5 . . 25 Destroy Leader 40 | . . . . 10 . . . . 30 Successful Hack 60 | . 6 . . 45 . . . . 9 Select Force Hacks 20 | . . . . 20 . . . . . Disable Machine 45 | . . . . 30 . . . . 15 Destroy Structure 51 | . 1 . . 22 . . . . 28 Partial Spotted 90 | . . . . 60 . . . . 30 Lose Combat Pursuer 450 | . . 30 . 150 . 90 . . 180 Influence Decreases 941 | 25 7 36 74 228 164 74 21 . 312 Entered New Map 157 | . . . 74 . 62 . 21 . . Time Decay 664 | 25 7 16 . 228 102 74 . . 212 Lost Part 120 | . . 20 . . . . . . 100 Squads Dispatched 20 | . 1 . . 11 . . . . 8 Investigation 9 | . . . . 6 . . . . 3 Extermination 4 | . . . . 2 . . . . 2 Reinforcement 7 | . 1 . . 3 . . . . 3 Assault . | . . . . . . . . . . Garrison . | . . . . . . . . . . Intercept . | . . . . . . . . . . Searches Triggered . | . . . . . . . . . . Construction Impeded . | . . . . . . . . . . Haulers Reinforced . | . . . . . . . . . . Active Scanning Responses . | . . . . . . . . . . Cargo Convoy Interrupts . | . . . . . . . . . . Stealth | -11 -10 -10 -9 -6 -6 -6 -6 -5 -5 --------- Run | Yrd Mat Sub Scr Fac Low Low Dat Pro Fac Distress Signals . | . . . . . . . . . . Communications Jammed . | . . . . . . . . . . Distress Signals . | . . . . . . . . . . Times Spotted 64 | . 2 23 . 7 . 3 4 1 24 Peak Tracking Total 7 | . 1 6 . 5 . 3 4 4 7 Tactical Retreats 15 | . . 2 . 6 . 2 . . 5 Traps | -11 -10 -10 -9 -6 -6 -6 -6 -5 -5 ------- Run | Yrd Mat Sub Scr Fac Low Low Dat Pro Fac Traps Triggered 3 | . . 1 . 2 . . . . . Indirectly . | . . . . . . . . . . Trap Hack Attempts . | . . . . . . . . . . Triggered . | . . . . . . . . . . Disarmed . | . . . . . . . . . . Reprogrammed . | . . . . . . . . . . Reused . | . . . . . . . . . . Traps Extracted . | . . . . . . . . . . Installed . | . . . . . . . . . . Triggered . | . . . . . . . . . . Machines | -11 -10 -10 -9 -6 -6 -6 -6 -5 -5 ---------- Run | Yrd Mat Sub Scr Fac Low Low Dat Pro Fac Machines Disabled 4 | . . . . 2 . . 1 . 1 Max in Single Turn 1 | . . . . 1 . . 1 . 1 Garrison Access 2 | . . . . 1 . . . . 1 Machines Repaired . | . . . . . . . . . . Machines Dismantled . | . . . . . . . . . . Machines Sabotaged . | . . . . . . . . . . Overloaded Fab Kills . | . . . . . . . . . . Hacking | -11 -10 -10 -9 -6 -6 -6 -6 -5 -5 --------- Run | Yrd Mat Sub Scr Fac Low Low Dat Pro Fac Machines Accessed 31 | . 1 . 4 13 1 . 4 . 8 Terminals 8 | . 1 . . 4 . . . . 3 Fabricators 3 | . . . . 2 . . . . 1 Repair Stations 1 | . . . . . . . . . 1 Recycling Units 7 | . . . . 5 . . . . 2 Scanalyzers 1 | . . . . 1 . . . . . Garrison Access 2 | . . . . 1 . . . . 1 Total Hacks 117 | . 4 . 23 36 1 . 34 . 19 Successful 83 | . 2 . 23 14 1 . 34 . 9 Failed 34 | . 2 . . 22 . . . . 10 Catastrophic 12 | . . . . 8 . . . . 4 Database Lockouts . | . . . . . . . . . . Manual 33 | . 4 . . 17 . . . . 12 Terminals 30 | . 4 . . 15 . . . . 11 Fabricators 9 | . . . . 7 . . . . 2 Repair Stations 2 | . . . . . . . . . 2 Recycling Units 10 | . . . . 7 . . . . 3 Scanalyzers 3 | . . . . 3 . . . . . Garrison Access 5 | . . . . 4 . . . . 1 Terminal Hacks 63 | . 1 . 23 2 1 . 34 . 2 Record 35 | . . . 23 . . . 11 . 1 Part Schematic 13 | . . . . . . . 13 . . Robot Schematic 7 | . . . . . . . 7 . . Prototype ID Bank 3 | . . . . . . . 3 . . Open Door 1 | . . . . . 1 . . . . Branch Access Points 1 | . . . . 1 . . . . . Terminal Index 1 | . . . . . . . . . 1 Zone Layout 2 | . 1 . . 1 . . . . . Fabricator Hacks 3 | . . . . 2 . . . . 1 Network Status 1 | . . . . 1 . . . . . Load Schematic 1 | . . . . . . . . . 1 Build 1 | . . . . 1 . . . . . Repair Station Hacks 2 | . . . . . . . . . 2 Scan Component 1 | . . . . . . . . . 1 Repair 1 | . . . . . . . . . 1 Recycling Unit Hacks . | . . . . . . . . . . Scanalyzer 2 | . . . . 2 . . . . . Insert Component 1 | . . . . 1 . . . . . Analyze 1 | . . . . 1 . . . . . Garrison Access Hacks 2 | . . . . 1 . . . . 1 Seal Access 2 | . . . . 1 . . . . 1 Unauthorized Hacks 11 | . 1 . . 7 . . . . 3 Terminals 3 | . 1 . . 1 . . . . 1 Botnet 2 | . 1 . . 1 . . . . . Operators 1 | . . . . . . . . . 1 Fabricators 3 | . . . . 2 . . . . 1 Haulers 1 | . . . . 1 . . . . . Download 1 | . . . . 1 . . . . . Recompile 1 | . . . . . . . . . 1 Repair Stations . | . . . . . . . . . . Recycling Units 5 | . . . . 4 . . . . 1 Fedlink 5 | . . . . 4 . . . . 1 Scanalyzers . | . . . . . . . . . . Garrison Access . | . . . . . . . . . . Data Cores Recovered . | . . . . . . . . . . Used . | . . . . . . . . . . Hacking Detections 13 | . 1 . . 8 . . . . 4 Full Trace Events 2 | . . . . 1 . . . . 1 Feedback Events 1 | . . . . . . . . . 1 Corruption 1 | . . . . . . . . . 1 Feedback Blocked . | . . . . . . . . . . Robot Schematics Acquired 7 | . . . . . . . 7 . . Robots Built . | . . . . . . . . . . Authchips . | . . . . . . . . . . Time . | . . . . . . . . . . Total Robot Build Rating . | . . . . . . . . . . Part Schematics Acquired 14 | . . . . 1 . . 13 . . Parts Built 2 | . . . . 2 . . . . . Authchips . | . . . . . . . . . . Time 53 | . . . . 53 . . . . . Total Part Build Rating 12 | . . . . 12 . . . . . Parts Repaired 1 | . . . . . . . . . 1 Time 50 | . . . . . . . . . 50 Parts Recycled . | . . . . . . . . . . Recycled Matter . | . . . . . . . . . . Retrieved Matter . | . . . . . . . . . . Retrieved Components . | . . . . . . . . . . Parts Scanalyzed 1 | . . . . 1 . . . . . Part Schematics Acquired 1 | . . . . 1 . . . . . Parts Damaged . | . . . . . . . . . . Bothacking | -11 -10 -10 -9 -6 -6 -6 -6 -5 -5 ------------ Run | Yrd Mat Sub Scr Fac Low Low Dat Pro Fac Used RIF Installer . | . . . . . . . . . . Robots Hacked 1 | . . . . . . . . . 1 Non-combat 1 | . . . . . . . . . 1 Combat . | . . . . . . . . . . Robot Hacks Applied 1 | . . . . . . . . . 1 find_chute 1 | . . . . . . . . . 1 Relay Couplers Released . | . . . . . . . . . . Fabnet Peak Effective % . | . . . . . . . . . . Robots Rewired . | . . . . . . . . . . Allies Hacked . | . . . . . . . . . . Hacks Repelled . | . . . . . . . . . . Allies | -11 -10 -10 -9 -6 -6 -6 -6 -5 -5 -------- Run | Yrd Mat Sub Scr Fac Low Low Dat Pro Fac Total Allies . | . . . . . . . . . . Largest Group . | . . . . . . . . . . Highest-Rated Group . | . . . . . . . . . . Highest-Rated Ally . | . . . . . . . . . . Total Orders . | . . . . . . . . . . Ally Attacks . | . . . . . . . . . . Total Damage . | . . . . . . . . . . Kills . | . . . . . . . . . . Allies Corrupted . | . . . . . . . . . . Allies Melted . | . . . . . . . . . . Intel | -11 -10 -10 -9 -6 -6 -6 -6 -5 -5 ------- Run | Yrd Mat Sub Scr Fac Low Low Dat Pro Fac Active Infowar (turns) 12478 | 1 1208 2362 6097 628 512 786 45 214 625 Sensors 2677 | . . . . 540 512 786 44 214 581 Terrain 3116 | . . 358 . 580 512 786 45 213 622 Seismic 9387 | 1 1208 2004 6097 77 . . . . . Robot Analysis Total . | . . . . . . . . . . Derelict Logs Recovered 13 | . . 3 5 . 1 2 . 2 . Drone Launches . | . . . . . . . . . . Drone Recoveries . | . . . . . . . . . . Exploration | -11 -10 -10 -9 -6 -6 -6 -6 -5 -5 ------------- Run | Yrd Mat Sub Scr Fac Low Low Dat Pro Fac Turns Passed 14493 | 104 1208 3973 6101 628 512 786 283 219 679 Spaces Moved 6899 | 42 103 1482 1897 841 653 748 151 358 624 Core 277 | 10 . . 267 . . . . . . Treads 2128 | 32 103 572 1421 . . . . . . Legs 791 | . . 791 . . . . . . . Wheels 329 | . . 119 209 1 . . . . . Hover 3374 | . . . . 840 653 748 151 358 624 Flight . | . . . . . . . . . . Fastest Speed 48 | 50 160 130 100 48 59 59 59 59 59 Average Speed 167 | 162 160 225 317 57 59 59 59 59 59 Slowest Speed 800 | 250 160 280 800 135 59 59 59 59 114 Overloaded Moves . | . . . . . . . . . . Propulsion Burnouts . | . . . . . . . . . . Robots Hopped 2 | . . 2 . . . . . . . Potential Cave-ins . | . . . . . . . . . . Cave-ins Triggered . | . . . . . . . . . . Exploration Rate (%) 52 | 4 20 77 86 30 70 77 80 53 23 Regions Visited 9 Branch Regions 6 Pre-discovered Areas 7 | . . 2 1 1 1 . 1 1 . Known Exits Taken 5 | . . . . 1 1 1 1 1 . Unknown Exits Taken 4 | 1 1 1 1 . . . . . . Scrap Searched 26 | . . 12 8 . . 3 . 3 . Spaces Dug 60 | . 1 20 . 22 3 . . . 14 Terrain Destroyed 62 | . 1 22 . 22 3 . . . 14 Melee 39 | . . . . 22 3 . . . 14 Projectile 3 | . 1 2 . . . . . . . AOE 20 | . . 20 . . . . . . . Terrain Rammed . | . . . . . . . . . . Walls Destroyed . | . . . . . . . . . . Machines Disabled . | . . . . . . . . . . Actions | -11 -10 -10 -9 -6 -6 -6 -6 -5 -5 --------- Run | Yrd Mat Sub Scr Fac Low Low Dat Pro Fac Total 9424 | 62 1139 1926 1992 937 773 1088 292 362 853 Wait 2040 | . 1029 289 25 9 117 330 111 . 130 Move 6887 | 42 102 1477 1896 840 652 747 150 357 624 Hop 2 | . . 2 . . . . . . . Pick Up 85 | 6 2 26 25 7 . 3 . . 16 Fast Attach 37 | 6 1 3 6 8 . 1 . 3 9 Attach 27 | 1 . 9 4 10 . . 1 . 2 Detach 2 | . 1 . . 1 . . . . . Swap 42 | . 1 19 1 6 . . 4 2 9 Drop 84 | . . 13 35 19 . 4 1 . 12 Fire 99 | 7 3 88 . . . . . . 1 Melee 118 | . . . . 36 4 3 25 . 50 Ram . | . . . . . . . . . . Kick . | . . . . . . . . . . Crush . | . . . . . . . . . . Escape Stasis 1 | . . . . 1 . . . . . Rewire . | . . . . . . . . . . Trap . | . . . . . . . . . . Miscellaneous . | . . . . . . . . . . Route ------- -11/Scrapyard -10/Materials (discovered 2 exits: [Mat] / [*Sub]) -10/Subcaves (discovered 3 exits: [*Mat x2] / *Scr) -9/Scraptown (discovered 2 exits: *Fac x2) -6/Factory (discovered 3 exits: Fac / *Low x2) -6/Lower Caves -6/Lower Caves (discovered 2 exits: *Fac / *Dat) -6/Data Miner -5/Proximity Caves -5/Factory (discovered 3 exits: [*Fac x2] / *Upp) History --------- Turn | Location | Event 2 | -11/Scrapyard | Met Revision 17 12 | -11/Scrapyard | Discovered new exit (range 16) 105 | -11/Scrapyard | Entered Materials 315 | -10/Materials | Build established: Mutant 1085 | -10/Materials | Discovered new exit (range 17) 1277 | -10/Materials | Discovered new exit (range 12) 1313 | -10/Materials | Entered Subcaves 1314 | -10/Subcaves | Approached by a straggling Scientist 1450 | -10/Subcaves | Ambushed by Subdweller buried in earth 1452 | -10/Subcaves | Ambushed by Subdweller buried in earth 1506 | -10/Subcaves | Lost 4 parts (1p1n2w) 2149 | -10/Subcaves | Learned Materials emergency access door positions 2181 | -10/Subcaves | Learned location of Zion (-7) 2519 | -10/Subcaves | Shifting Twisted Machinery released Sub. Monowheel 2522 | -10/Subcaves | Shifting Twisted Machinery released Slug Cannon 2919 | -10/Subcaves | Disturbed a concealed Subdweller 3187 | -10/Subcaves | Scientist uncovered a shortcut to Scraptown 3357 | -10/Subcaves | Build established: Derelict-Mutant 3458 | -10/Subcaves | Met a Zionite searching for "candidates" 3533 | -10/Subcaves | Disturbed a concealed Subdweller 3815 | -10/Subcaves | Discovered new exit (range 6) 4061 | -10/Subcaves | Discovered new exit (range 9) 4080 | -10/Subcaves | Shifting Twisted Machinery released Mak. Hammer 4258 | -10/Subcaves | Shifting Twisted Machinery released Riot Gun 4292 | -10/Subcaves | Shifting Twisted Machinery released Enh. Flamer 4431 | -10/Subcaves | Shifting Twisted Machinery released Sub. Beam Cannon 4831 | -10/Subcaves | Learned Materials emergency access door positions 4960 | -10/Subcaves | Core integrity fell below 50% 5100 | -10/Subcaves | Build established: Mutant 5118 | -10/Subcaves | Core integrity fell below 20% 5286 | -10/Subcaves | Entered Scraptown 6295 | -9/Scraptown | Visited SPCMW 6391 | -9/Scraptown | Visited Artisan Demo Area 6615 | -9/Scraptown | Visited TADAMA 7135 | -9/Scraptown | Visited Cyclists 7407 | -9/Scraptown | Visited Junk Repository 7716 | -9/Scraptown | Scanned Subdweller tech in exchange for log data 7725 | -9/Scraptown | Learned Research interactive machine intel 7729 | -9/Scraptown | Learned location of 1 exit from Factory 7732 | -9/Scraptown | Learned 12 Factory zone layouts 7745 | -9/Scraptown | Learned Research emergency access door positions 7795 | -9/Scraptown | Discovered new exit (range 11) 8722 | -9/Scraptown | Visited Bundlers 8934 | -9/Scraptown | Visited UFD Registry 8934 | -9/Scraptown | Registered with UFD as "Toolcase" 9014 | -9/Scraptown | Entered Cyclist Reading Room 9186 | -9/Scraptown | Visited Junk Cannon Lab 9318 | -9/Scraptown | Visited Chapter 10 9433 | -9/Scraptown | Visited Botcube Research 9703 | -9/Scraptown | Visited Scrap Suit Storage 9789 | -9/Scraptown | Visited DA-N13 Charitable Foundation 9811 | -9/Scraptown | Found DCF Scrap (27 items) 9860 | -9/Scraptown | Visited Research Penetration Think Tank 9919 | -9/Scraptown | Visited LU-1G1's Boring Crew 10012 | -9/Scraptown | Visited Modified Component R&D 10242 | -9/Scraptown | Discovered new exit (range 3) 11332 | -9/Scraptown | Met Optimus 11332 | -9/Scraptown | Accepted into 0bPrime 11387 | -9/Scraptown | Entered Factory 11387 | -6/Factory | Evolved 8 slots: Power x1, Propulsion x3, Utility x4 11388 | -6/Factory | Identified exit to Lower Caves 11668 | -6/Factory | Fabricated Cmb. Gravmag System? 11723 | -6/Factory | Loaded intel: 8 recycling unit locations 11833 | -6/Factory | Learned location of Protoforge (-2) 11910 | -6/Factory | Build established: Scout 11919 | -6/Factory | Discovered new exit (range 15) 12015 | -6/Factory | Entered Lower Caves 12256 | -6/Lower Caves | Encountered a Warlord checkpoint 12271 | -6/Lower Caves | Discovered new exit (range 17) 12479 | -6/Lower Caves | Identified exit to Lower Caves 12527 | -6/Lower Caves | Entered another Lower Caves area 12533 | -6/Lower Caves | Learned 8 Factory zone layouts 12546 | -6/Lower Caves | Discovered new exit (range 15) 12555 | -6/Lower Caves | Identified exit to Factory 12880 | -6/Lower Caves | Learned Factory interactive machine intel 12975 | -6/Lower Caves | Encountered a Warlord checkpoint 13290 | -6/Lower Caves | Discovered new exit (range 12) 13311 | -6/Lower Caves | Identified exit to Data Miner 13313 | -6/Lower Caves | Entered Data Miner 13313 | -6/Data Miner | Discovered new exit (range 6) 13325 | -6/Data Miner | Met Data Miner 13336 | -6/Data Miner | Acquired the access code to Warlord's prototype stash 13336 | -6/Data Miner | Learned location of Section 7 (-2) 13345 | -6/Data Miner | Received God Mode back door access code from Data Miner 13378 | -6/Data Miner | Data Conduit disabled 13595 | -6/Data Miner | Identified exit to Proximity Caves 13596 | -6/Data Miner | Entered Proximity Caves 13610 | -5/Proximity Caves | Learned location of Warlord (-4) 13623 | -5/Proximity Caves | Lost 3 parts (1p2w) 13662 | -5/Proximity Caves | Learned Factory machine intel 13797 | -5/Proximity Caves | Discovered exit to Factory (range 9) 13815 | -5/Proximity Caves | Entered Factory 13815 | -5/Factory | Evolved 2 slots: Utility x2 13816 | -5/Factory | Identified exit to Upper Caves 13817 | -5/Factory | Loaded intel: 267 machine locations 13818 | -5/Factory | Loaded intel: 54 interactive machine locations 13842 | -5/Factory | Found Launcher Loader 13918 | -5/Factory | Discovered new exit (range 10) 14218 | -5/Factory | Discovered new exit (range 5) 14347 | -5/Factory | Loaded intel: 8 recycling unit locations 14448 | -5/Factory | Repaired Gravmag Array 14481 | -5/Factory | System corruption reached 10% 14494 | -5/Factory | Self-destructed Last Messages --------------- 14473_ Slug penetrates Wall. 14473_ P-70 Sage suffers critical hit (Impale). 14473_ Destroyed Imp. Heat Sink. 14473_ P-70 Sage destroyed. 14476_ Slug penetrates Wall. 14479_ Penetrated by Slug. 14479_ Cmb. Gravmag System destroyed. 14479_ Lgt. Deuterium Engine destroyed. 14483_ Adv. Terrain Scanner destroyed. 14484_ Slug penetrates Wall. 14487_ Critical hit (Destroy). 14487_ Hrd. Medium Armor Plating destroyed. 14487_ Slug penetrates Wall. 14489_ Imp. Gravmag System destroyed. 14491_ System corrupted: IFF burst signal emitted. 14491_ Slug penetrates Wall. 14491_ Imp. Datajack destroyed. 14492_ Force Booster destroyed. 14492_ Gravmag Array destroyed. Map ----- +----------------------------------------------------+ | ???????????????????????????????"""???????????????? | | ???????????????????????????????"""???????????????? | | ???????????????#?????????????????????????????????? | | ????????? #?#??????##????????????????????????????? | | ???????? #####?#?#####??##?#?##?????????????????? | | ?????? # ?? #######??#?#?????????????????? | | ???## ? ??""""""" ?###?##?##?##????????????????? | | ????# ? ?# """"""" #####?#??#??###??????????????? | | ?? ?# ? ??""""""" ?#########?##???##?#?????????? | | ? #? ?? #?""""""" #?#?####?##???##?#?#?????????? | | ##? ??# ? #?###########?###?#?#????????? | | ? ?## ?? # ######?##?####?#??####???????? | | ## # ? ?##############???#?##???????? | | ???####+######+#################?#?#??##????????? | | ##############?#??##?????? | | ?? ? ? # #??#?#??????? | | ? ? # #??#??#?????? | | ?? # ##???#?#????? | | ? ? # ?###??#?????? | | #######+########### # #?#????#????? | | #?# """ # # "" "" ??? ? ? ?????? | | ### "R" # # "" "" ????"" #????? | | ### " " # #=""" """ ? #?? """#????? | | #?# "" # =*#[""" """? ? ??" ?S"?????? | | ### """" / %!+%|"" """ #?"?????????? | | #?# """" # =#@ # "? ?#????? | | ### """" # # pp #?"??? ?????? | | ### [ # ####+#########?" ? ?????? | | ### " # ? ???"? ???????? | | ?## # #####?# "?????????? | | ####+############## #?##??# " ? ??????? | | ##???######### ##?#?##?" ??????? | | =/# ? # ##?#???? ? ??????? | | =/# """" """"? # #??#????? ????????? | | #?"""" """" # ?#??#???#????????"" | | ! # """" """" # ? ? ? ?? ???????"" | | # """" """" # ???? ?? ????????"" | | # ? + ?? ? ?? ?????????"" | | # """" """" # ?? ? ??? ?????????"" | | # """" """" # ?? ?? ? ? ???????????"" | | #?""""?"""" # ????? ?######???????????"" | | # """" """" ?# ? ?? ?? ? ?#?#??????????????? | | #? ?? ? ????? ? ??? ???????????????????? | | # ?? ? ?? ?????? ?????????????????????? | | ##?###??#?#?#? ????????????????????????????? | | #####???#???#? ?? ??????????????????????????? | | ###?###??#??##??????????????????????????????? | | ##?###?#??#???????????????????????#?????????? | | ###?#?###?# ??? ??#??????? ????? ?? ?????? | | ##+####?#?#?###? """?""" ?????????? ???""????#?? ? | +----------------------------------------------------+ Best States ------------- Heat Dissipation 40 Energy Generation 27 Energy Capacity 940 Matter Stores 300 Matter Capacity 300 Sight Range 16 Robot Scan Range 15 Terrain Scan Range 20 Terrain Scan Density 210 Armor Coverage 225 Propulsion Shielding 66 Evasion (%) 63 Melee Accuracy 16 Recoil Reduction 2 Force Boost 20 Offensive Hacking 10 Defensive Hacking 24 Authchip Count 1 Item Schematics ----------------- Cmb. Gravmag System | -6/Factory | Scanalyzed Combat Drone Bay | -6/Data Miner | Free Lgt. Regenerative Plating | -6/Data Miner | Free Enh. Armored Leg | -6/Data Miner | Free Imp. Energy Well | -6/Data Miner | Free Plasma Sword | -6/Data Miner | Free Imp. Linear Gravjet | -6/Data Miner | Free Imp. Remote Force Field | -6/Data Miner | Free Hvy. Disruptor Cannon | -6/Data Miner | Free Antigrav System | -6/Data Miner | Free Lrn. Terrain Scanner | -6/Data Miner | Free Arm. Heavy Treads | -6/Data Miner | Free Adv. Actuator Array | -6/Data Miner | Free Com. HERF Cannon | -6/Data Miner | Free Robot Schematics ------------------ E-15 Imp | -6/Data Miner | Free I-47 Archangel | -6/Data Miner | Free M-36 Artificer | -6/Data Miner | Free M-30 Cleanser | -6/Data Miner | Free G-67 Veteran | -6/Data Miner | Free B-48 Gladiator | -6/Data Miner | Free R-10 Processor | -6/Data Miner | Free Fabricated ------------ Cmb. Gravmag System | x2 | -6/Factory | Preloaded Repaired ---------- Gravmag Array | 36% | -5/Factory Alien Tech Used ----------------- None Achievements -------------- None Challenges ------------ None Game ------ Seed SapperRecoilFilter Manual? 0 Play Time 01:07:30 Cumulative 299.6 hours Start 2025.09.24 @ 16:08:15 End 2025.09.24 @ 17:28:40 Sessions 3 Manual Loads 0 Difficulty Rogue Special Mode None Game No. 213 Rogue 213 Adventurer 0 Explorer 0 Win Type - Total 18 Types 9/0/5/1/1/0/0/1/0/1 Lore% 80 Gallery% 76 Achievement% 77 Wizard Run 0 Options --------- Layout 1 ASCII 0 Keyboard 0 Movement Mouse Keybinds 0 Fullscreen 2 Font 24/Smallcaps Map View 50x35 Zoom Use 0% Tactical HUD 1 Map Filters NONE Filters NONE Steam 1 RUN: bccf1463-6dbc-4e7a-922a-261d7ed49a9d